AoeStats
← VakorTV

QS Arena

503590304Analyzed
4v4 RM · 1mo ago on Sep 1, 2026· 45m 1s· 8 players
Game mode
Random Map
Map size
Large (8 player)
Population
200
Speed
Normal
Resources
Standard
Victory
Conquest
Starting age
Dark Age
Ending age
Imperial Age
RankedLock teamsTeams togetherTeam positionsShared explorationLock speedFull tech treeHidden civsTurbo modeCheats
Victory
Defeat
🇨🇳 Bohemians · China
1249
+13
🇦🇷 Ethiopians · Argentina
1241
+13
🇦🇷 Saracens · Argentina
1220
+14
🇹🇼 Persians · Taiwan
1141
+18
🇨🇳 Wu · China
1197
-15
🇫🇷 Teutons · France
1192
-15
🇨🇳 Burgundians · China
1176
-14
🇨🇴 Malay · Colombia
1174
-14
VakorTV
8:08 Feudal Age
12:43 Castle Age
10:33 Double-Bit Axe
11:02 Horse Collar
11:13 Loom
12:35 Wheelbarrow
13:42 Bow Saw
18:03 Stone Mining
19:51 Gold Mining
21:05 Hand Cart
21:34 Stone Shaft Mining
21:26 Heavy Plow
24:41 Scale Barding Armor
27:42 Imperial Age
25:45 Chain Barding Armor
26:09 Forging
27:08 Bloodlines
27:46 Cavalier
29:03 Plate Barding Armor
29:04 Iron Casting
28:57 Conscription
29:33 Paladin
30:11 Pikeman
30:52 Squires
30:37 Arson
32:03 Blast Furnace
31:04 Scale Mail Armor
33:40 Chain Mail Armor
35:08 Plate Mail Armor
34:39 Halberdier
lancer
8:24 Feudal Age
12:02 Castle Age
10:29 Double-Bit Axe
11:06 Loom
11:41 Horse Collar
13:35 Bow Saw
13:24 Gold Mining
19:06 Scale Mail Armor
27:58 Imperial Age
26:07 Wheelbarrow
27:54 Chain Mail Armor
27:50 Forging
28:25 Gold Shaft Mining
27:42 Stone Mining
27:49 Stone Mining
28:06 Heavy Plow
28:18 Bow Saw
31:52 Pikeman
32:33 Squires
33:23 Conscription
32:56 Halberdier
35:31 Plate Mail Armor
35:36 Iron Casting
一喜之狼一
2:14 Double-Bit Axe
8:53 Feudal Age
9:52 Bow Saw
10:46 Loom
13:37 Castle Age
12:00 Horse Collar
13:39 Heavy Plow
16:24 Gold Mining
19:07 Scale Barding Armor
21:10 Gold Shaft Mining
21:41 Two-Man Saw
26:53 Imperial Age
25:02 Wheelbarrow
24:58 Crop Rotation
25:20 Fletching
25:32 Padded Archer Armor
25:56 Ballistics
25:16 Treadmill Crane
25:32 Stone Mining
25:48 Cavalier
26:28 Husbandry
26:27 Bodkin Arrow
28:03 Paladin
28:19 Elite Skirmisher
29:43 Bracer
33:31 Forging
33:22 Scale Mail Armor
33:49 Burgundian Vineyards
34:04 Conscription
33:12 Pikeman
33:52 Squires
33:51 Halberdier
35:13 Iron Casting
34:57 Block Printing
34:53 Fervor
37:25 Masonry
37:26 Fortified Wall
37:13 Murder Holes
oscaramba
9:45 Feudal Age
13:45 Castle Age
12:43 Double-Bit Axe
13:02 Horse Collar
14:57 Loom
19:34 Wheelbarrow
21:35 Gold Mining
24:44 Imperial Age
23:11 Bow Saw
23:00 Fletching
23:10 Padded Archer Armor
23:43 Ballistics
23:02 Crossbowman
25:14 Chemistry
24:14 Bodkin Arrow
25:01 Gold Shaft Mining
24:16 Stone Mining
24:54 Heavy Plow
25:23 Bracer
26:05 Arbalester
27:26 Thumb Ring
27:41 Leather Archer Armor
30:15 Conscription
30:13 Siege Engineers
31:01 Capped Ram
37:09 Pikeman
37:49 Squires
38:03 Forging
cyyyyyyyy
8:06 Feudal Age
12:05 Castle Age
9:53 Double-Bit Axe
10:07 Horse Collar
13:24 Bow Saw
15:27 Wheelbarrow
17:48 Heavy Plow
20:47 Hand Cart
22:36 Gold Mining
22:38 Stone Mining
23:08 Loom
26:20 Imperial Age
23:58 Scale Barding Armor
25:24 Chain Barding Armor
25:17 Forging
25:52 Gold Shaft Mining
25:48 Bloodlines
25:38 Husbandry
25:33 Fletching
25:29 Treadmill Crane
27:11 Ballistics
27:58 Conscription
26:59 Elite Mameluke
28:17 Plate Barding Armor
28:18 Iron Casting
28:00 Bodkin Arrow
29:27 Two-Man Saw
28:55 Counterweights
29:53 Chemistry
30:08 Blast Furnace
29:36 Bracer
29:37 Murder Holes
31:03 Siege Engineers
31:49 Devotion
33:05 Counterweights
33:25 Bimaristan
35:38 Hoardings
35:16 Masonry
40:36 Faith
41:03 Heresy
嗷拜
0:33 Loom
9:39 Feudal Age
15:08 Castle Age
18:24 Wheelbarrow
17:42 Double-Bit Axe
17:51 Horse Collar
19:08 Gold Mining
19:58 Hand Cart
20:33 Heavy Plow
20:45 Bow Saw
26:25 Gold Shaft Mining
26:01 Stone Mining
29:28 Imperial Age
26:46 Town Watch
27:10 Scale Barding Armor
27:15 Forging
27:31 Bloodlines
27:21 Husbandry
28:51 Stone Shaft Mining
29:59 Chain Barding Armor
30:15 Iron Casting
30:41 Crop Rotation
31:12 Two-Man Saw
31:42 Hoardings
30:28 Elite War Elephant
31:36 Conscription
32:00 Plate Barding Armor
32:57 Blast Furnace
36:36 Devotion
39:46 Faith
杀死霓虹猪
7:33 Feudal Age
11:28 Castle Age
9:47 Horse Collar
10:01 Double-Bit Axe
14:00 Wheelbarrow
18:41 Loom
22:05 Hand Cart
30:25 Imperial Age
28:35 Fletching
29:49 Ballistics
29:51 Wagenburg Tactics
31:20 Chemistry
30:15 Pikeman
30:58 Squires
31:43 Halberdier
33:17 Conscription
33:28 Scale Mail Armor
33:39 Forging
33:25 Bodkin Arrow
34:13 Town Watch
34:47 Chain Mail Armor
35:07 Iron Casting
34:32 Padded Archer Armor
35:23 Bow Saw
35:55 Caravan
37:46 Plate Mail Armor
38:16 Blast Furnace
37:27 Bracer
37:42 Leather Archer Armor
37:31 Bracer
38:30 Bombard Tower
37:51 Treadmill Crane
39:51 Town Patrol
39:13 Elite Hussite Wagon
40:45 Guilds
41:56 Ring Archer Armor
42:51 Houfnice
新手777
0:50 Loom
9:28 Feudal Age
10:22 Double-Bit Axe
11:49 Horse Collar
14:25 Castle Age
15:25 Wheelbarrow
15:17 Bow Saw
16:20 Heavy Plow
22:56 Town Watch
23:31 Hand Cart
24:08 Gold Mining
28:35 Imperial Age
27:23 Thumb Ring
26:38 Crossbowman
27:10 Fletching
27:43 Ballistics
27:47 Bodkin Arrow
28:25 Padded Archer Armor
29:06 Gold Shaft Mining
28:37 Arbalester
30:45 Two-Man Saw
29:52 Bracer
33:47 Chemistry
35:08 Leather Archer Armor
36:22 Stone Mining
40:53 Chemistry
41:04 Ring Archer Armor
40:43 Capped Ram
41:46 Siege Ram
Connection lost

Rejoining the realm…

Still unreachable

The connection could not be restored.

Session expired

The server has moved on; the page needs a fresh start.